 Dungeon Crawl Stone Soup version 0.29.1-15-g9cfb28693d (webtiles) character file.

Game seed: 18393997405389679854

368 Gabide the Grasshopper (level 6, -3/50 HPs)
             Began as a Demigod Warper on Apr 10, 2023.
             Slain by a gnoll
             ... wielding a +0 spear
             ... led by a gnoll bouda
              (4 damage)
             ... on level 4 of the Dungeon.
             The game lasted 00:08:55 (4464 turns).

Gabide the Grasshopper (Demigod Warper)             Turns: 4464, Time: 00:08:56

Health: -3/50      AC:  9    Str: 12    XL:     6   Next: 17%
Magic:  12/12      EV: 11    Int: 23    God:
Gold:   177        SH:  0    Dex: 19    Spells: 7/10 levels left

rFire   . . .      SeeInvis .   a - +0 trident
rCold   . . .      Faith    .   l - orb {light}
rNeg    . . .      Spirit   .   i - +0 ring mail
rPois   .          Reflect  .   (no helmet)
rElec   .          Harm     .   (no cloak)
rCorr   .          Rampage  .   (no gloves)
Will    .....                   (no boots)
Stlth   +.........              (no amulet)
HPRegen 0.16/turn               y - +4 ring of protection
MPRegen 0.13/turn               j - +6 ring of dexterity

@: weakened, glowing
A: high MP 1, forlorn, divine attributes
a: no special abilities


You were on level 4 of the Dungeon.
You visited 1 branch of the dungeon, and saw 4 of its levels.

You collected 177 gold pieces.

Inventory:

Hand Weapons
 a - a +0 trident (weapon)
 b - a +0 sling
Missiles
 d - 4 boomerangs of dispersal
 e - 12 poisoned darts (quivered)
 n - a boomerang
Armour
 i - a +0 ring mail (worn)
 l - an orb of light (worn)
Jewellery
 j - a +6 ring of dexterity (right hand)
 y - a +4 ring of protection (left hand)
Wands
 z - a wand of polymorph (2)
Scrolls
 c - a scroll of blinking
 g - a scroll of vulnerability
 r - a scroll of fear {unknown}
 u - a scroll of immolation
 v - a scroll of identify
 A - a scroll of enchant weapon {unknown}
Potions
 f - a potion of lignification
 k - a potion of flight
 m - 2 potions of mutation
 o - a potion of resistance {unknown}
 p - 2 potions of cancellation {unknown}
 q - a potion of brilliance {unknown}
 s - 5 potions of curing {unknown}
 t - a potion of haste {unknown}
 w - a potion of magic {unknown}


   Skills:
 + Level 2.6 Fighting
 - Level 2.0 Polearms
 + Level 2.1 Ranged Weapons
 - Level 1.0 Throwing
 - Level 1.0 Armour
 + Level 2.5 Dodging
 - Level 1.1 Unarmed Combat
 + Level 2.5 Spellcasting
 * Level 4.7 Translocations


You had 7 spell levels left.
You knew the following spells:

 Your Spells              Type           Power      Damage    Failure   Level
a - Blink                 Tloc           48%        N/A       6%          2
b - Apportation           Tloc           48%        N/A       4%          1

Your spell library contained the following spells:

 Spells                   Type           Power      Damage    Failure   Level
 Gell's Gravitas          Tloc           24%        N/A       12%         3
 Lesser Beckoning         Tloc           24%        N/A       12%         3
 Teleport Other           Tloc           24%        N/A       12%         3
 Manifold Assault         Tloc           24%        N/A       73%         5
 Alistair's Intoxication  Tmut/Pois      1%         N/A       100%        5


Dungeon Overview and Level Annotations

Branches:
Dungeon (4/15)
 Temple: D:4-7

Shops:
D:3 :


Innate Abilities, Weirdness & Mutations

You have an increased reservoir of magic. (+10% MP)
You shall have no god before yourself.
Your divine heritage dramatically boosts your attributes as you level up.


Message History

The ufetubus hits you but does no damage.
The ufetubus closely misses you. The gnoll hits you with a +0 spear.
The gnoll hits you from afar with a +0 spear!
* * * LOW HITPOINT WARNING * * *
The gnoll bouda barks out a call to the hunt!
The gnolls pick up the pace!
You feel much better. The ufetubus hits you. The ufetubus closely misses you.
The gnoll hits you with a +0 spear.
The ufetubus hits you but does no damage.
The ufetubus barely misses you. The gnoll hits you but does no damage.
You barely miss the gnoll.
The gnoll is moderately wounded.
The ufetubus hits you but does no damage. x2
The gnoll misses you. The gnoll hits you but does no damage.
The ufetubus hits you.
The ufetubus hits you but does no damage.
You hit the gnoll.
The gnoll is heavily wounded.
The ufetubus closely misses you. The ufetubus completely misses you.
The gnoll hits you but does no damage. The gnoll closely misses you.
You hit the gnoll.
The gnoll is almost dead.
The ufetubus barely misses you. x2; The gnoll closely misses you.
The gnoll hits you from afar with a +0 spear.
The ufetubus hits you but does no damage.
The ufetubus closely misses you.
You barely miss the gnoll.
The gnoll is almost dead.
The ufetubus hits you.
* * * LOW HITPOINT WARNING * * *
The ufetubus hits you.
* * * LOW HITPOINT WARNING * * *
The gnoll hits you with a +0 spear.
* * * LOW HITPOINT WARNING * * *
The gnoll hits you from afar with a +0 spear.
* * * LOW HITPOINT WARNING * * *
The ufetubus misses you. The ufetubus hits you.
* * * LOW HITPOINT WARNING * * *
The gnoll hits you with a +0 spear.
You die...

#...÷.....#...<....#...#..
#...§§☼§§.#§§§☼§○....≈....
#....§○○§.#§☼§§☼§..#...#..
#...##☼☼○##§○§○g§..###..§≈
######§☼☼##g§○§☼○..# ###(§
#.○○§§§§☼§§○○○§§§..# ###
#.☼§☼§§○☼§§§g§§§○..#
#.○§☼§○§§§g§§☼§☼§..#
#...##§§§@§§§○☼○○..#
###'##§§○5☼§§#§#§..#
#.☼☼§☼☼§○g§§§#.#...#
#.§§☼§§§§##§○#.#).##
#.§○###☼###§§#.#..##
#.§.##§§.##§##.##J.#
#...##§☼.#..#...#..#
#....§○☼.'..#._.#..#####
#........#..#...#.##...##


You could see a gnoll bouda, 4 gnolls and an ufetubus.

Vanquished Creatures
  Menkaure (D:4)
  A jelly (D:4)
  2 orc priests
  Ijyb (D:4)
  A gnoll (D:4)
  4 adders
  A worm (D:3)
  A dart slug (D:2)
  8 orcs (D:3)
  6 endoplasms
  2 giant cockroaches
  4 hobgoblins
  12 jackals
  3 quokkas
  6 ball pythons
  4 bats
  2 frilled lizards (D:1)
  5 goblins
  9 kobolds
  10 rats
83 creatures vanquished.

Notes
Turn   | Place    | Note
-------+----------+-------------------------------------------
     0 | D:1      | Gabide the Demigod Warper began the quest for the Orb.
     0 | D:1      | Reached XP level 1. HP: 17/17 MP: 5/5
    48 | D:1      | Reached skill level 1 in Armour
   128 | D:1      | Reached skill level 1 in Throwing
   466 | D:1      | Reached XP level 2. HP: 14/24 MP: 7/7
   640 | D:1      | Reached skill level 3 in Translocations
  1252 | D:1      | Reached XP level 3. HP: 27/29 MP: 8/8
  1513 | D:2      | Learned a level 2 spell: Blink
  1983 | D:2      | Learned a level 1 spell: Apportation
  2406 | D:3      | Reached skill level 4 in Translocations
  2469 | D:3      | Reached skill level 1 in Ranged Weapons
  2469 | D:3      | Reached XP level 4. HP: 26/36 MP: 9/9
  2651 | D:3      | Found Pairr's Book Shoppe.
  3605 | D:4      | Reached XP level 5. HP: 26/41 MP: 10/10
  4018 | D:4      | Noticed Menkaure
  4031 | D:4      | Killed Menkaure
  4032 | D:4      | Reached skill level 1 in Unarmed Combat
  4175 | D:4      | Noticed Ijyb
  4195 | D:4      | Killed Ijyb
  4196 | D:4      | Reached XP level 6. HP: 46/50 MP: 9/12
  4464 | D:4      | HP: 1/50 [ufetubus (2)]
  4464 | D:4      | Slain by a gnoll

Illustrated notes

Levels and vault maps discovered:
D:1:      dpeg_arrival_chambers_temple_mockup, layout_basic,
          basic_ecumenical_altar, minmay_split_cup_small
D:2:      layout_loops_ring, minmay_rat_gold_closets
D:3:      layout_basic, serial_shops, nicolae_diamond_shop
D:4:      layout_gridville, mainiacjoe_overflow_surrounded_room,
          nicolae_kite_square_tiling_tiny, uniq_menkaure, uniq_ijyb

Skill      XL: |  1  2  3  4  5 |
---------------+----------------+-----
Armour         | 1 |  1.0
Throwing       | 1 |  1.0
Dodging        | 2 |  2.5
Polearms       | 2 |  2.0
Translocations | 3 4 |  4.7
Fighting       | 2 |  2.6
Spellcasting   | 2 |  2.5
Ranged Weapons | 1 2 |  2.1
Unarmed Combat | 1 |  1.1

Action                   |  1- 3 |  4- 6 || total
-------------------------+-------+-------++-------
Melee: Spear             |   111 |       ||   111
       Punch             |     1 |       ||     1
       Trident           |    32 |    77 ||   109
       Unarmed           |       |     6 ||     6
 Fire: Sling             |       |    53 ||    53
Throw: Boomerang         |     5 |    11 ||    16
       Dart              |    10 |     9 ||    19
 Cast: Blink             |       |     8 ||     8
  Use: Scroll            |     8 |     2 ||    10
       Potion            |     1 |     1 ||     2
 Stab: Sleeping          |     1 |       ||     1
Armor: Leather armour    |    19 |       ||    19
       Ring mail         |     7 |    57 ||    64
Dodge: Dodged            |    70 |   117 ||   187
